AoeStats
← uinnht

MegaRandom

505674187Analyzed
1v1 RM · 21d ago on Sep 10, 2026· 51m 22s· 2 players
Game mode
Random Map
Map size
Tiny (2 player)
Population
200
Speed
Normal
Resources
Standard
Victory
Conquest
Starting age
Dark Age
Ending age
Imperial Age
RankedLock teamsTeams togetherTeam positionsShared explorationLock speedFull tech treeHidden civsTurbo modeCheats
Victory
Defeat
🇨🇳 Spanish · China
602
+16
🇺🇸 Inca · United States
600
-16
El que te Lo Mete
0:50 Loom
11:29 Feudal Age
12:52 Wheelbarrow
16:50 Double-Bit Axe
16:48 Horse Collar
17:01 Gold Mining
19:27 Castle Age
17:44 Scale Mail Armor
17:55 Forging
17:36 Fletching
22:04 Heavy Plow
23:13 Bow Saw
27:29 Ballistics
27:26 Squires
28:04 Chain Mail Armor
28:56 Iron Casting
28:19 Bodkin Arrow
31:15 Stone Mining
31:04 Champi Runner
33:42 Hand Cart
34:18 Gold Shaft Mining
34:10 Town Watch
36:49 Thumb Ring
36:08 Elite Skirmisher
39:21 Imperial Age
39:50 Padded Archer Armor
43:13 Leather Archer Armor
43:42 Crop Rotation
46:19 Masonry
46:14 Siege Engineers
47:32 Guilds
47:58 Ring Archer Armor
47:29 Bracer
48:03 Conscription
48:54 Plate Mail Armor
50:15 Blast Furnace
51:44 Fabric Shields
uinnht
5:16 Loom
13:06 Feudal Age
13:39 Double-Bit Axe
13:43 Horse Collar
15:13 Bloodlines
16:36 Forging
18:01 Scale Barding Armor
18:05 Gold Mining
22:15 Stone Mining
29:33 Castle Age
27:35 Fletching
27:46 Padded Archer Armor
30:25 Bow Saw
30:53 Stone Shaft Mining
30:21 Heavy Plow
30:30 Husbandry
31:22 Bodkin Arrow
32:04 Iron Casting
31:55 Leather Archer Armor
33:17 Pikeman
35:28 Wheelbarrow
34:40 Town Watch
36:57 Ballistics
36:33 Murder Holes
37:36 Chain Barding Armor
43:20 Imperial Age
44:25 Bracer
44:56 Ring Archer Armor
44:46 Hand Cart
47:25 Chemistry
46:09 Elite Conquistador
49:41 Plate Barding Armor
51:15 Cavalier
Connection lost

Rejoining the realm…

Still unreachable

The connection could not be restored.

Session expired

The server has moved on; the page needs a fresh start.